 Dungeon Crawl Stone Soup version 0.29.1-1-gd02db6906a (webtiles) character file.

Game seed: 17051235591829876777

282 Badistic the Ruffian (level 6, -5/59 HPs)
             Began as a Troll Fighter on Oct 9, 2022.
             Slain by Edmund
             ... wielding a +2 vorpal flail
              (8 damage)
             ... on level 4 of the Dungeon.
             The game lasted 00:03:42 (2081 turns).

Badistic the Ruffian (Troll Fighter)                Turns: 2081, Time: 00:03:42

Health: -5/59      AC:  5    Str: 27    XL:     6   Next: 6%
Magic:  5/5        EV:  8    Int:  4    God:
Gold:   204        SH:  7    Dex:  9    Spells: 5/5 levels left

rFire   . . .      SeeInvis .     - Unarmed
rCold   . . .      Faith    .   b - +0 kite shield
rNeg    . . .      Spirit   .   a - +0 robe
rPois   .          Reflect  .   (helmet restricted)
rElec   .          Harm     .   h - +0 cloak
rCorr   .          Rampage  .   (gloves unavailable)
Will    .....                   (boots unavailable)
Stlth   +.........              (no amulet)
HPRegen 0.99/turn               (no ring)
MPRegen 0.09/turn               (no ring)

@: no status effects
A: large, unfitting armour, claws 3, regeneration 1, shaggy fur 1, tough skin 1
a: no special abilities


You were on level 4 of the Dungeon.
You visited 1 branch of the dungeon, and saw 4 of its levels.

You collected 204 gold pieces.

Inventory:

Armour
 a - a +0 robe (worn)
 b - a +0 kite shield (worn)
 h - a +0 cloak (worn)
Jewellery
 l - an amulet of faith
Scrolls
 g - 4 scrolls of teleportation
 j - a scroll of noise {unknown}
 k - a scroll of immolation
Potions
 c - a potion of might
 d - 4 potions of curing
 e - 2 potions of haste {unknown}
 f - a potion of heal wounds {unknown}
 i - a potion of invisibility {unknown}
 m - a potion of lignification {unknown}
 n - a potion of flight {unknown}


   Skills:
 - Level 2.4 Fighting
 - Level 2.4 Dodging
 + Level 3.9 Shields
 * Level 5.6 Unarmed Combat


You had 5 spell levels left.
You didn't know any spells.
Your spell library contained the following spells:

 Spells                   Type           Power      Damage    Failure   Level
 Ensorcelled Hibernation  Hex/Ice        0%         N/A       89%         2
 Passwall                 Tmut/Erth      0%         N/A       89%         2
 Sublimation of Blood     Necr           0%         N/A       89%         2
 Swiftness                Air            0%         N/A       98%         3
 Petrify                  Tmut/Erth      0%         N/A       100%        4
 Irradiate                Conj/Tmut      0%         3d11      100%        5


Dungeon Overview and Level Annotations

Branches:
Dungeon (4/15)
 Temple: D:4-7

Altars:

Annotations:
D:4 Edmund


Innate Abilities, Weirdness & Mutations

You are too large for most types of armour.
You have claws for hands.
Your natural rate of healing is unusually fast.
You are covered in fur. (AC +1)
You have tough skin. (AC +1)


Message History

You scratch the goblin.
You kill the goblin!
No target in view!
You see here a +0 cloak.
h - a +0 cloak You start putting on your armour.
You continue putting on your +0 cloak. x4
You finish putting on your +0 cloak.
j - a scroll labelled FUM LOSMALUAT
n - a black potion Edmund the Younger comes into view.
He is wielding a +2 vorpal flail.
Edmund shouts!
Edmund hits you with a +2 vorpal flail!
You completely miss Edmund. Edmund hits you with a +2 vorpal flail.
You are too injured to fight recklessly!
You are too injured to fight recklessly!
You are too injured to fight recklessly!
You scratch Edmund.
Edmund is lightly wounded.
You block Edmund's attack.
You claw Edmund!
Edmund is moderately wounded.
Edmund hits you with a +2 vorpal flail.
You claw Edmund!
Edmund is heavily wounded.
Edmund barely misses you.
You scratch Edmund.
Edmund is severely wounded.
Edmund hits you with a +2 vorpal flail! Edmund hits you with a +2 vorpal flail.
You completely miss Edmund.
Edmund is severely wounded.
Edmund hits you with a +2 vorpal flail!
* * * LOW HITPOINT WARNING * * *
x2 You closely miss Edmund.
Edmund is severely wounded.
Edmund hits you with a +2 vorpal flail!
* * * LOW HITPOINT WARNING * * *
x2 You completely miss Edmund.
Edmund is severely wounded.
Edmund hits you with a +2 vorpal flail!
You die...

#..# #.. #..
#.. ######.#
#......######.
+.....@.......
#..$..@#
#......#
#......# .# ##
#......# #.. .
######.##
###.# #.# #
#..# #.#.# #.#
# #..###.#.#
#.###
#....#.#.#
.....
###..#.#.#.#
##.###


You could see Edmund.

Vanquished Creatures
  A necrophage (D:3)
  A jelly (D:3)
  Jessica (D:2)
  Natasha (thrice) (D:3)
  4 adders
  2 worms (D:2)
  7 ball pythons
  5 bats
  3 endoplasms
  5 giant cockroaches
  4 hobgoblins
  2 quokkas
  4 frilled lizards (D:1)
  5 goblins
  5 kobolds
  5 rats
57 creatures vanquished.

Notes
Turn   | Place    | Note
-------+----------+-------------------------------------------
     0 | D:1      | Badistic the Troll Fighter began the quest for the Orb.
     0 | D:1      | Reached XP level 1. HP: 22/22 MP: 0/0
    90 | D:1      | Reached XP level 2. HP: 17/29 MP: 1/1
   320 | D:1      | Found a faded altar of an unknown god.
   616 | D:2      | Reached skill level 3 in Unarmed Combat
   616 | D:2      | Reached XP level 3. HP: 36/36 MP: 2/2
   890 | D:2      | Noticed Jessica
   894 | D:2      | Killed Jessica
   895 | D:2      | Reached XP level 4. HP: 37/44 MP: 3/3
  1117 | D:2      | Reached skill level 4 in Unarmed Combat
  1506 | D:3      | Reached XP level 5. HP: 45/50 MP: 4/4
  1551 | D:3      | Noticed Natasha
  1562 | D:3      | Killed Natasha
  1575 | D:3      | Noticed Natasha
  1590 | D:3      | Killed Natasha
  1591 | D:3      | Reached skill level 5 in Unarmed Combat
  1599 | D:3      | Noticed Natasha
  1605 | D:3      | Killed Natasha
  1633 | D:3      | Reached XP level 6. HP: 35/59 MP: 5/5
  2070 | D:4      | Noticed Edmund
  2080 | D:4      | HP: 2/59 [Edmund/+2 vorpal flail (1)]
  2081 | D:4      | Slain by Edmund

Illustrated notes

Levels and vault maps discovered:
D:1:      saegor_arrival_miasma, layout_basic,
          ebering_ecumenical_altar_petrified, hangedman_feature_mirror,
          solitary_fountain, minmay_tromino_v4_a
D:2:      layout_basic, grunt_ministairs_14, uniq_jessica
D:3:      layout_rooms, uniq_natasha
D:4:      layout_basic, grunt_temple_overflow_gold_and_silver, uniq_edmund

Skill      XL: |  1  2  3  4  5 |
---------------+----------------+-----
Shields        | 3 |  3.9
Unarmed Combat | 3 4 5 |  5.6
Fighting       | |  2.4
Dodging        | |  2.4

Action                   |  1- 3 |  4- 6 || total
-------------------------+-------+-------++-------
Melee: Unarmed           |   113 |    75 ||   188
  Use: Scroll            |     2 |     4 ||     6
Armor: Robe              |    37 |    22 ||    59
Dodge: Dodged            |    33 |    35 ||    68
Block: Kite shield       |    39 |    29 ||    68
